General information
			
			
        
        - name: BNet
 
        - type: Ladder team game (AT/RT)
 
        - host: Battle.net
 
        - saver: IGoTowers
 
        
map: GoldRush 
        - players: 8
 
        - length: 28:05
 
        - speed: Fast
 - version: 1.22 W3XP
 - replay type:  Public
 
» download(173 KB)
Players
        team 1 (loser) 
              
              
» 
Wry (
pink | 93 APM | 2208 actions | 23:44)
              
 4 Keeper of the Grove 
 2 Entangling Roots
 2 Thorns Aura
 4 Priestess of the Moon 
 2 Trueshot Aura
 2 Searing Arrows
 
                » actions 
                
                | Assign group hotkey | 157 |  | 
| Basic commands | 62 |  | 
| Build / train | 80 |  | 
| ESC pressed | 3 |  | 
| Enter build submenu | 22 |  | 
| Enter hero's abilities submenu | 8 |  | 
| Right click | 983 |  | 
| Select / deselect | 414 |  | 
| Select group hotkey | 418 |  | 
| Use ability | 61 |  | 
                2208 total
 » units 
                
                | Wisp | 19 |  | 
| Archer | 4 |  | 
| Huntress | 6 |  | 
| Glaive Thrower | 1 |  | 
| Druid of the Claw | 8 |  | 
| Dryad | 9 |  | 
| Hippogryph | 10 |  | 
                57 total
 » upgrades
                
                | Druid of the Claw Training | 2 |  | 
| Mark of the Claw | 1 |  | 
| Strength of the Wild | 3 |  | 
| Reinforced Hides | 3 |  | 
| Abolish Magic | 1 |  | 
| Hippogryph Taming | 1 |  | 
                11 total
 » buildings
                
                | Altar of Elders | 1 |  | 
| Moon Well | 6 |  | 
| Ancient of War | 2 |  | 
| Hunter's Hall | 1 |  | 
| Tree of Ages | 1 |  | 
| Ancient of Lore | 4 |  | 
| Tree of Eternity | 1 |  | 
| Tree of Life | 2 |  | 
| Ancient of Wind | 2 |  | 
                20 total
 » build order
                00:08 Altar of Elders
00:16 Moon Well
01:02 Ancient of War
01:52 Moon Well
02:11 Hunter's Hall
03:32 Tree of Ages
03:35 Ancient of War
05:28 Moon Well
06:33 Ancient of Lore
06:59 Moon Well
06:59 Moon Well
09:37 Tree of Eternity
10:19 Moon Well
12:34 Tree of Life
14:11 Ancient of Lore
14:35 Ancient of Wind
15:04 Ancient of Wind
19:10 Tree of Life
20:53 Ancient of Lore
22:18 Ancient of Lore
 
               
              
              
EgyptianWonder (
green | 42 APM | 775 actions | 18:18)
              
 2 Far Seer 
 1 Feral Spirit
 1 Chain Lighting
 1 Shadow Hunter 
 1 Healing Wave
 
                » actions 
                
                | Assign group hotkey | 17 |  | 
| Build / train | 28 |  | 
| Enter build submenu | 32 |  | 
| Enter hero's abilities submenu | 3 |  | 
| Remove unit from queue | 1 |  | 
| Right click | 328 |  | 
| Select / deselect | 223 |  | 
| Select group hotkey | 94 |  | 
| Use ability | 49 |  | 
                775 total
 » units 
                » upgrades
                » buildings
                
                | Altar of Storms | 1 |  | 
| Orc Burrow | 3 |  | 
| Barracks | 1 |  | 
| Voodoo Lounge | 1 |  | 
| War Mill | 1 |  | 
| Watch Tower | 19 |  | 
| Stronghold | 1 |  | 
| Spirit Lodge | 1 |  | 
| Fortress | 1 |  | 
                29 total
 » build order
                00:04 Altar of Storms
00:05 Orc Burrow
00:22 Barracks
01:45 Orc Burrow
02:13 Voodoo Lounge
03:31 Orc Burrow
03:36 War Mill
04:54 Watch Tower
05:05 Watch Tower
05:12 Watch Tower
05:30 Watch Tower
06:27 Watch Tower
06:54 Watch Tower
07:05 Watch Tower
07:15 Watch Tower
07:26 Watch Tower
07:28 Watch Tower
08:52 Watch Tower
09:07 Watch Tower
09:16 Watch Tower
09:32 Stronghold
10:04 Watch Tower
10:12 Watch Tower
10:20 Watch Tower
11:24 Watch Tower
12:21 Watch Tower
13:19 Spirit Lodge
13:54 Watch Tower
14:34 Fortress
» items
                 
               
              
              
LIghtDumbo (
red | 25 APM | 701 actions | 28:04)
              
 3 Death Knight 
 1 Unholy Aura
 1 Death Pact
 1 Death Coil
 
                » actions 
                
                | Build / train | 48 |  | 
| Enter build submenu | 22 |  | 
| Enter hero's abilities submenu | 3 |  | 
| Right click | 435 |  | 
| Select / deselect | 180 |  | 
| Use ability | 13 |  | 
                701 total
 » units 
                
                | Ghoul | 5 |  | 
| Crypt Fiend | 14 |  | 
| Gargoyle | 21 |  | 
| Acolyte | 1 |  | 
                41 total
 » upgrades
                » buildings
                
                | Crypt | 1 |  | 
| Ziggurat | 9 |  | 
| Altar of Darkness | 1 |  | 
| Graveyard | 1 |  | 
| Halls of the Dead | 1 |  | 
| Spirit Tower | 1 |  | 
                14 total
 » build order
                01:51 Crypt
03:13 Ziggurat
03:22 Ziggurat
03:41 Ziggurat
03:52 Altar of Darkness
04:15 Graveyard
08:01 Halls of the Dead
10:52 Ziggurat
24:22 Ziggurat
24:25 Ziggurat
24:30 Ziggurat
24:38 Ziggurat
24:45 Ziggurat
25:41 Spirit Tower
 
               
              
              
Lord_Suffert (
purple | 29 APM | 641 actions | 22:10)
              
 2 Tauren Chieftain 
 1 Endurance Aura
 1 Shockwave
 1 Far Seer 
 1 Feral Spirit
 
                » actions 
                
                | Build / train | 50 |  | 
| Enter build submenu | 17 |  | 
| Enter hero's abilities submenu | 3 |  | 
| Remove unit from queue | 5 |  | 
| Right click | 218 |  | 
| Select / deselect | 321 |  | 
| Use ability | 27 |  | 
                641 total
 » units 
                
                | Peon | 6 |  | 
| Grunt | 11 |  | 
| Demolisher | 1 |  | 
| Kodo Beast | 1 |  | 
| Tauren | 2 |  | 
| Spirit Walker | 1 |  | 
| Troll Batrider | 1 |  | 
| Wind Rider | 3 |  | 
                26 total
 » upgrades
                
                | Pillage | 1 |  | 
| Spiked Barricades | 2 |  | 
| Berserker Strength | 1 |  | 
| Spirit Walker Training | 2 |  | 
| Envenomed Spears | 1 |  | 
| Ensnare | 0 |  | 
| War Drums Damage Increase | 1 |  | 
| Burning Oil | 1 |  | 
| Ranged Weapons | 1 |  | 
| Melee Weapons | 1 |  | 
                11 total
 » buildings
                
                | Altar of Storms | 1 |  | 
| Orc Burrow | 4 |  | 
| Barracks | 2 |  | 
| War Mill | 2 |  | 
| Watch Tower | 3 |  | 
| Stronghold | 1 |  | 
| Spirit Lodge | 1 |  | 
| Fortress | 1 |  | 
| Beastiary | 1 |  | 
| Voodoo Lounge | 1 |  | 
| Tauren Totem | 1 |  | 
                18 total
 » build order
                00:15 Altar of Storms
00:24 Orc Burrow
00:46 Barracks
01:33 War Mill
01:49 War Mill
03:51 Orc Burrow
05:23 Watch Tower
05:38 Barracks
06:20 Stronghold
06:36 Watch Tower
07:35 Orc Burrow
08:19 Watch Tower
09:29 Spirit Lodge
10:13 Orc Burrow
10:27 Fortress
10:58 Beastiary
12:22 Voodoo Lounge
13:52 Tauren Totem
» items
                 
               team 2 (winner) 
              
              
Pakistani69 (
orange | 52 APM | 1472 actions | 28:04)
              
 6 Death Knight 
 2 Death Coil
 3 Unholy Aura
 1 Animate Dead
 6 Dreadlord 
 3 Vampiric Aura
 2 Sleep
 1 Inferno
 5 Dark Ranger 
 3 Black Arrow
 2 Silence
 
                » actions 
                
                | Assign group hotkey | 18 |  | 
| Basic commands | 140 |  | 
| Build / train | 90 |  | 
| Enter build submenu | 26 |  | 
| Enter hero's abilities submenu | 18 |  | 
| Give item / drop item | 9 |  | 
| Right click | 467 |  | 
| Select / deselect | 187 |  | 
| Select group hotkey | 445 |  | 
| Use ability | 72 |  | 
                1472 total
 » units 
                
                | Acolyte | 7 |  | 
| Ghoul | 17 |  | 
| Frost Wyrm | 9 |  | 
                33 total
 » upgrades
                
                | Cannibalize | 1 |  | 
| Freezing Breath | 1 |  | 
| Creature Attack | 3 |  | 
| Creature Carapace | 4 |  | 
                9 total
 » buildings
                
                | Ziggurat | 10 |  | 
| Altar of Darkness | 1 |  | 
| Crypt | 2 |  | 
| Halls of the Dead | 2 |  | 
| Tomb of Relics | 1 |  | 
| Black Citadel | 1 |  | 
| Sacrificial Pit | 1 |  | 
| Graveyard | 1 |  | 
| Boneyard | 2 |  | 
| Arcane Tower | 8 |  | 
                29 total
 » build order
                00:11 Ziggurat
00:14 Altar of Darkness
00:36 Crypt
01:11 Crypt
01:39 Ziggurat
03:02 Ziggurat
03:35 Halls of the Dead
03:43 Tomb of Relics
06:10 Black Citadel
06:16 Ziggurat
06:18 Ziggurat
06:19 Ziggurat
06:31 Sacrificial Pit
08:24 Graveyard
08:48 Boneyard
08:53 Boneyard
08:57 Ziggurat
09:52 Arcane Tower
09:56 Arcane Tower
09:56 Arcane Tower
10:24 Arcane Tower
10:24 Arcane Tower
16:44 Ziggurat
18:49 Ziggurat
18:50 Ziggurat
» items
                
                | Scroll of Town Portal | 1 |  | 
| Scroll of Regeneration | 2 |  | 
| Ivory Tower | 7 |  | 
| Boots of Speed | 2 |  | 
| Periapt of Vitality | 2 |  | 
                14 total
  
               
              
              
» 
QueenSize (
yellow | 60 APM | 1681 actions | 28:04)
              
 6 Paladin 
 3 Holy Light
 1 Divine Shield
 1 Devotion Aura
 1 Resurrection
 
                » actions 
                
                | Assign group hotkey | 66 |  | 
| Basic commands | 40 |  | 
| Build / train | 78 |  | 
| Enter build submenu | 30 |  | 
| Enter hero's abilities submenu | 6 |  | 
| Remove unit from queue | 5 |  | 
| Right click | 586 |  | 
| Select / deselect | 346 |  | 
| Select group hotkey | 471 |  | 
| Use ability | 53 |  | 
                1681 total
 » units 
                
                | Peasant | 21 |  | 
| Footman | 3 |  | 
| Mortar Team | 8 |  | 
| Siege Engine | 5 |  | 
| Knight | 5 |  | 
                42 total
 » upgrades
                
                | Lumber Harvesting | 2 |  | 
| Gunpowder | 3 |  | 
| Flare | 1 |  | 
| Fragmentation Shards | 1 |  | 
| Barrage | 1 |  | 
| Plating | 3 |  | 
| Armor | 3 |  | 
| Animal War Training | 1 |  | 
| Swords | 2 |  | 
                17 total
 » buildings
                
                | Altar of Kings | 1 |  | 
| Farm | 15 |  | 
| Barracks | 2 |  | 
| Lumber Mill | 2 |  | 
| Blacksmith | 1 |  | 
| Keep | 2 |  | 
| Workshop | 2 |  | 
| Castle | 1 |  | 
| Town Hall | 3 |  | 
| Arcane Vault | 1 |  | 
                30 total
 » build order
                00:07 Altar of Kings
00:09 Farm
00:31 Barracks
01:36 Farm
02:17 Farm
03:00 Lumber Mill
03:03 Blacksmith
03:39 Keep
03:40 Keep
04:22 Farm
06:17 Farm
06:36 Workshop
06:57 Workshop
06:58 Castle
07:15 Farm
08:09 Farm
08:50 Farm
09:10 Town Hall
09:44 Farm
11:34 Lumber Mill
15:59 Farm
17:10 Farm
18:13 Arcane Vault
19:23 Barracks
20:34 Farm
22:09 Farm
22:47 Farm
23:43 Town Hall
25:03 Farm
25:55 Town Hall
» items
                
                | Scroll of Town Portal | 2 |  | 
| Potion of Healing | 1 |  | 
| Scroll of Regeneration | 1 |  | 
                4 total
  
               
              
              
IGoTowers (
blue | 45 APM | 1276 actions | 28:05)
              
 8 Blood Mage 
 3 Flame Strike
 3 Banish
 1 Summon Phoenix
 1 Siphon Mana
 
                » actions 
                
                | Assign group hotkey | 22 |  | 
| Basic commands | 42 |  | 
| Build / train | 71 |  | 
| ESC pressed | 1 |  | 
| Enter build submenu | 41 |  | 
| Enter hero's abilities submenu | 8 |  | 
| Remove unit from queue | 1 |  | 
| Right click | 455 |  | 
| Select / deselect | 236 |  | 
| Select group hotkey | 296 |  | 
| Use ability | 103 |  | 
                1276 total
 » units 
                
                | Peasant | 22 |  | 
| Dragonhawk Rider | 9 |  | 
| Gryphon Rider | 6 |  | 
                37 total
 » upgrades
                
                | Masonry | 1 |  | 
| Cloud | 1 |  | 
| Storm Hammers | 1 |  | 
| Swords | 2 |  | 
| Armor | 1 |  | 
                6 total
 » buildings
                
                | Altar of Kings | 3 |  | 
| Farm | 9 |  | 
| Lumber Mill | 2 |  | 
| Scout Tower | 11 |  | 
| Guard Tower | 8 |  | 
| Arcane Vault | 2 |  | 
| Keep | 1 |  | 
| Gryphon Aviary | 4 |  | 
| Castle | 1 |  | 
| Blacksmith | 1 |  | 
| Town Hall | 2 |  | 
                44 total
 » build order
                00:10 Altar of Kings
00:11 Farm
01:07 Farm
01:20 Lumber Mill
01:22 Lumber Mill
02:57 Scout Tower
02:59 Scout Tower
03:01 Scout Tower
03:03 Scout Tower
03:27 Guard Tower
03:28 Guard Tower
03:30 Guard Tower
03:33 Scout Tower
03:35 Scout Tower
04:01 Guard Tower
04:11 Scout Tower
04:12 Scout Tower
04:32 Guard Tower
04:50 Guard Tower
05:09 Arcane Vault
05:12 Scout Tower
05:14 Scout Tower
05:42 Guard Tower
06:03 Scout Tower
06:14 Keep
06:30 Guard Tower
08:41 Gryphon Aviary
08:42 Gryphon Aviary
08:43 Gryphon Aviary
08:49 Gryphon Aviary
08:55 Farm
08:57 Farm
09:42 Farm
09:43 Farm
09:47 Farm
11:43 Castle
11:52 Arcane Vault
17:44 Altar of Kings
17:45 Blacksmith
17:49 Altar of Kings
18:55 Town Hall
19:18 Farm
19:19 Farm
22:35 Town Hall
» items
                
                | Scroll of Regeneration | 5 |  | 
| Lesser Clarity Potion | 2 |  | 
| Boots of Speed | 1 |  | 
                8 total
  
               
              
              
LlghtDumbo (
teal | 39 APM | 1095 actions | 28:04)
              
 5 Death Knight 
 2 Unholy Aura
 3 Death Coil
 
                » actions 
                
                | Basic commands | 26 |  | 
| Build / train | 54 |  | 
| Enter build submenu | 25 |  | 
| Enter hero's abilities submenu | 5 |  | 
| Right click | 788 |  | 
| Select / deselect | 174 |  | 
| Use ability | 23 |  | 
                1095 total
 » units 
                
                | Acolyte | 4 |  | 
| Ghoul | 6 |  | 
| Crypt Fiend | 4 |  | 
| Gargoyle | 13 |  | 
| Banshee | 2 |  | 
| Necromancer | 2 |  | 
| Abomination | 6 |  | 
                37 total
 » upgrades
                
                | Skeletal Mastery | 1 |  | 
| Stone Form | 1 |  | 
| Ghoul Frenzy | 1 |  | 
                3 total
 » buildings
                
                | Altar of Darkness | 1 |  | 
| Ziggurat | 6 |  | 
| Crypt | 1 |  | 
| Tomb of Relics | 1 |  | 
| Graveyard | 1 |  | 
| Halls of the Dead | 1 |  | 
| Nerubian Tower | 6 |  | 
| Black Citadel | 1 |  | 
| Temple of the Damned | 1 |  | 
| Necropolis | 1 |  | 
| Slaughterhouse | 1 |  | 
                21 total
 » build order
                00:21 Altar of Darkness
00:32 Ziggurat
01:15 Crypt
01:55 Tomb of Relics
02:39 Ziggurat
03:53 Graveyard
07:17 Ziggurat
07:48 Halls of the Dead
08:20 Nerubian Tower
08:25 Nerubian Tower
08:28 Nerubian Tower
09:19 Ziggurat
09:25 Ziggurat
10:57 Nerubian Tower
10:59 Nerubian Tower
15:04 Ziggurat
15:57 Black Citadel
16:07 Temple of the Damned
16:11 Nerubian Tower
21:19 Necropolis
22:27 Slaughterhouse
 
                Chat log
          (00:23 / Allies) QueenSize: hey guys
(00:25 / Allies) LlghtDumbo: ?
(03:58 / Allies) IGoTowers: get down hurr
(04:01 / Allies) Pakistani69: nice
(04:29 / Allies) QueenSize: unit guys ?
(04:43 / Allies) QueenSize: hlep
(05:54 / Allies) LlghtDumbo: wtf
(06:07 / Allies) LlghtDumbo: lol gj
(06:41 / Allies) QueenSize: ima do tank
(06:45 / Allies) LlghtDumbo: gj blue
(06:47 / Allies) QueenSize: tank n mortar
(07:07 / Allies) IGoTowers: help
(11:51 / Allies) LlghtDumbo: after destrroygreen
(12:24 / Allies) QueenSize: i need wood
(12:32 / Allies) QueenSize: someone ?
(13:03 / Allies) QueenSize: teal
(13:05 / Allies) QueenSize: can i have some wood ?
(13:07 / Allies) LlghtDumbo: ?
(13:10 / Allies) LlghtDumbo: no sorry
(13:23 / Allies) QueenSize: ty blu
(14:33 / All) IGoTowers: }haha you think you can tower me
(14:34 / All) IGoTowers: fool
(14:40 / All) IGoTowers: I GO TOWERS
(14:49 / Allies) LlghtDumbo: go blue
(15:32 / Allies) LlghtDumbo: lol
(15:39 / Allies) QueenSize: coming
(16:34 / Allies) LlghtDumbo: i come
(18:08 / All) QueenSize: ^^
(18:34 / Allies) QueenSize: someone have some melee ?
(18:36 / Allies) QueenSize: ima get knight
(19:04 / Allies) LlghtDumbo: i take that
(23:48 / Allies) QueenSize: end it ?
(23:51 / Allies) LlghtDumbo: w8
(23:54 / Allies) LlghtDumbo: till i get my pudge :D
(24:26 / All) IGoTowers: hey would you mind getting the fuck out of my game?
(24:28 / Allies) LlghtDumbo: k 1 pudge
(24:46 / Allies) LlghtDumbo: FIGHT
(27:43 / All) IGoTowers: die you gay nigger
(27:44 / All) IGoTowers: die!
(27:51 / All) IGoTowers: I GO TOWERS
(27:58 / Allies) QueenSize: o blu
(28:01 / Allies) QueenSize: i alrdy played against u
(28:02 / Allies) QueenSize: lol